 Dungeon Crawl Stone Soup version 0.30-a0-939-gc8157cb160 (webtiles) character file.

Game seed: 1424537353604695484

219 2tousent the Grave Robber (level 5, -1/39 (40) HPs)
             Began as a Demonspawn Necromancer on Mar 25, 2023.
             Slain by a gnoll
             ... wielding a +0 whip
              (7 damage)
             ... on level 5 of the Dungeon.
             The game lasted 00:06:09 (4330 turns).

2tousent the Grave Robber (Demonspawn Necromancer)  Turns: 4330, Time: 00:06:09

HP:   -1/39 (40)    AC:  4    Str:  9    XL:     5   Next: 63%
MP:   1/8           EV: 12    Int: 18    God:
Gold: 264           SH:  0    Dex: 13    Spells: 0/8 levels left

rFire   . . .      SeeInvis .    h - +0 dagger (venom)
rCold   . . .      Faith    .    (no shield)
rNeg    . . .      Spirit   .    a - +0 robe
rPois   .          Reflect  .    f - +1 helmet
rElec   .          Rampage  .    (no cloak)
rCorr   .                        (no gloves)
Will    .....                    (no boots)
Stlth   ++                       (no amulet)
HPRegen 0.26/turn                (no ring)
MPRegen 0.11/turn                (no ring)

@: animating dead, lightly drained
A: powered by death 1, weakness stinger 1
a: no special abilities


You were on level 5 of the Dungeon.
You visited 1 branch of the dungeon, and saw 5 of its levels.

You collected 264 gold pieces.

Inventory:

Hand Weapons
 h - a +0 dagger of venom (weapon)
Armour
 a - a +0 robe (worn)
 f - a +1 helmet (worn)
 r - the +3 scale mail of Gaymn {rPois Str-3 Int+7 SInv}
   (You found it on level 4 of the Dungeon)

   Str:       It affects your strength (-3).
   Int:       It affects your intelligence (+7).
   rPois:     It protects you from poison.
   SInv:      It lets you see invisible.
Jewellery
 m - an amulet of the acrobat
Wands
 s - a wand of light (13)
Scrolls
 d - a scroll of identify
 e - 2 scrolls of blinking
 k - a scroll of brand weapon
 q - 2 scrolls of amnesia
Potions
 b - a potion of magic
 c - 2 potions of haste
 g - a potion of degeneration
 i - 2 potions of lignification
 j - a potion of heal wounds
 l - 2 potions of resistance {unknown}
 n - 2 potions of mutation {unknown}
 o - 2 potions of curing {unknown}
 p - a potion of cancellation {unknown}
 t - 2 potions of flight {unknown}


   Skills:
 + Level 2.9 Fighting
 - Level 1.7 Dodging
 - Level 1.7 Stealth
 - Level 2.2 Spellcasting
 * Level 6.7 Necromancy


You couldn't memorise any spells.
You knew the following spells:

 Your Spells              Type           Power      Damage    Failure   Level
a - Necrotise             Necr           100%       1d9       1%          1
b - Animate Dead          Necr           26%        N/A       11%         4
c - Vampiric Draining     Necr           26%        2d7       3%          3

Your spell library contained the following spells:

 Spells                   Type           Power      Damage    Failure   Level
 Agony                    Necr           26%        N/A       30%         5


Dungeon Overview and Level Annotations

Branches:
Dungeon (5/15)
 Temple: D:4-7

Altars:
Fedhas
Vehumet

Shops:
D:4 *


Innate Abilities, Weirdness & Mutations

You regenerate a little health from kills.
You have a small tail.


Message History

The ufetubus barely misses you. The ufetubus misses you.
The ufetubus barely misses you. x2; The gnoll closely misses you.
The gnoll hits you with a +0 whip. The ufetubus misses you.
The ufetubus closely misses you.
The ufetubus closely misses you. x2; The gnoll closely misses you.
Your magical contamination has completely faded away.
There is a stone staircase leading up here.
You hit the gnoll.
The gnoll looks as sick as possible!
The gnoll is severely wounded.
The ufetubus misses you. The ufetubus closely misses you.
The ufetubus misses you. The ufetubus barely misses you.
The gnoll closely misses you. The gnoll barely misses you.
You hit the gnoll.
You kill the gnoll!
The dead are walking!
The ufetubus hits you.
The ufetubus hits you but does no damage.
You completely miss the gnoll. You tail-slap the gnoll.
The gnoll is moderately wounded.
The ufetubus closely misses you. The ufetubus hits you.
The gnoll barely misses you. The gnoll hits you with a +0 whip.
The ufetubus completely misses you. The ufetubus hits you.
You hit the gnoll.
The gnoll is poisoned.
The gnoll is severely wounded.
The ufetubus hits you. x2
* * * LOW HITPOINT WARNING * * *
The gnoll closely misses you. The gnoll hits you with a +0 club.
* * * LOW HITPOINT WARNING * * *
Unknown command.
The gnoll attacks as you move away! The gnoll hits you but does no damage.
The gnoll attacks as you move away! The gnoll closely misses you.
Your gnoll zombie hits the gnoll but does no damage.
The ufetubus hits you but does no damage. x2
You hit the gnoll but do no damage.
The gnoll is poisoned.
The ufetubus hits you but does no damage. x2
Your gnoll zombie hits the gnoll but does no damage.
The gnoll closely misses you.
The ufetubus hits you but does no damage. x2
The gnoll completely misses your gnoll zombie.
The gnoll hits you with a +0 whip!
You die...

............#...###
........#...##.### ###
...........#....## #.##### #
..................###..##.## .
#..................#...#...#
.###.....<......####..#.......#
..##..........g<#####...##...###
..............Zg5#....###......#
... ##.........#@#...........###
..###..........#)#...........#
...........<..##............##
..###..#.....###............#
..# ####.....# #####.........#
#### ##..#.#####...........##
#..####...###.##........#####
....##....##.......#....#
#.........##.......#.....#


You could see 2 gnolls, an ufetubus and a friendly gnoll zombie.

Vanquished Creatures
  A jelly (D:4)
  A hound (D:5)
  An orc wizard (D:4)
  A gnoll (D:5)
  4 adders (D:2)
  A white imp (D:5)
  2 worms
  4 orcs (D:4)
  7 ball pythons
  6 endoplasms
  2 giant cockroaches
  3 goblins
  10 hobgoblins
  2 jackals (D:2)
  8 kobolds
  A quokka (D:4)
  3 bats
  9 frilled lizards
  6 rats
72 creatures vanquished.

Vanquished Creatures (collateral kills)
  A dart slug (D:1)
1 creature vanquished.

Grand Total: 73 creatures vanquished

Notes
Turn   | Place    | Note
-------+----------+-------------------------------------------
     0 | D:1      | 2tousent the Demonspawn Necromancer began the quest for the
                  | Orb.
     0 | D:1      | Reached XP level 1. HP: 13/13 MP: 3/3
   198 | D:1      | Gained mutation: You have a small tail. [demonic ancestry]
   198 | D:1      | Reached XP level 2. HP: 20/20 MP: 3/5
   275 | D:1      | Reached skill level 1 in Fighting
   402 | D:1      | Reached skill level 5 in Necromancy
   765 | D:1      | Reached XP level 3. HP: 26/26 MP: 4/6
  1169 | D:1      | Found a radiant altar of Vehumet.
  1616 | D:2      | Gained mutation: You regenerate a little health from kills.
                  | [demonic ancestry]
  1616 | D:2      | Reached XP level 4. HP: 33/33 MP: 4/7
  1621 | D:2      | Learned a level 4 spell: Animate Dead
  3213 | D:4      | Reached skill level 6 in Necromancy
  3213 | D:4      | Reached XP level 5. HP: 39/39 MP: 0/8
  3227 | D:4      | Learned a level 3 spell: Vampiric Draining
  3291 | D:4      | Found a blossoming altar of Fedhas.
  3372 | D:4      | Identified the +3 scale mail of Gaymn {rPois Str-3 Int+7
                  | SInv}
  3990 | D:4      | Found Syskueth's Gadget Gallery.
  4092 | D:5      | Entered Level 5 of the Dungeon
  4330 | D:5      | Slain by a gnoll

Illustrated notes

Levels and vault maps discovered:
D:1:      dpeg_arrival_lava_altar, layout_loops_ring
D:2:      layout_rooms, chequers_serial_rivers_room_b, kennysheep_donut
D:3:      layout_loops_corners
D:4:      layout_basic, tso_oasis_becter, fedhas_ov_isle_minmay,
          nicolae_shop_gadgets
D:5:      minmay_razor_zed, layout_cave_pools, uniq_edmund, uniq_pikel

Skill      XL: |  1  2  3  4 |
---------------+-------------+-----
Fighting       | 1 2 |  2.9
Necromancy     | 5 6 |  6.7
Dodging        | |  1.7
Stealth        | |  1.7
Spellcasting   | |  2.2

Action                     |  1- 3 |  4- 6 || total
---------------------------+-------+-------++-------
  Melee: Unarmed           |    18 |       ||    18
         Dagger            |       |    16 ||    16
         Tailslap          |       |     4 ||     4
   Cast: Necrotise         |    65 |    54 ||   119
         Animate Dead      |       |     1 ||     1
    Use: Scroll            |       |    10 ||    10
 Armour: Robe              |     7 |    16 ||    23
  Dodge: Dodged            |    19 |    41 ||    60

Table legend: (Time is in decaauts)
 A = Elapsed time spent in this place.
 B = Non-inter-level travel time spent in this place.
 C = Inter-level travel time spent in this place.
 D = Time resting spent in this place.
 E = Time spent auto-exploring this place.
 F = Levels seen in this place.
 G = Mean time per level.
                   A        B        C        D        E       F      G
               +--------+--------+--------+--------+--------+-----+--------+
         Total |   4332 |   4119 |    213 |      3 |   3683 |   5 |  866.4 |
       Dungeon |   4332 |   4119 |    213 |      3 |   3683 |   5 |  866.4 |
               +--------+--------+--------+--------+--------+-----+--------+

Top non-repeatable levels by time:
     D:1: 1193 daAuts
     D:3: 1055 daAuts
     D:2: 935 daAuts
     D:4: 910 daAuts
     D:5: 237 daAuts
